 Dungeon Crawl Stone Soup version 0.20.1-1-g8b1a95d (webtiles) character file.

216 Inkary the Chopper (level 5, 0/45 HPs)
             Began as a Minotaur Fighter on Oct 9, 2017.
             Slain by an orc
             ... wielding a +0 mace
              (5 damage)
             ... on level 3 of the Dungeon.
             The game lasted 00:03:16 (1896 turns).

Inkary the Chopper (Minotaur Fighter)               Turns: 1896, Time: 00:03:17

Health: 0/45       AC:  9    Str: 21    XL:     5   Next: 61%
Magic:  4/4        EV:  7    Int:  5    God:
Gold:   205        SH:  9    Dex: 10    Spells: 4/4 levels left

rFire    + . .     SeeInvis .   a - +0 war axe
rCold    + . .     Gourm    .   c - +0 shield
rNeg     . . .     Faith    .   r - +3 scale mail {MR+}
rPois    +         Spirit   .   (helmet restricted)
rElec    +         Reflect  .   l - scarf {cloud immunity}
rCorr    +         Harm     .   (no gloves)
MR       +....                  (no boots)
Stlth    ..........             (no amulet)
Regen    0.2/turn               (no ring)
MPRegen  0.1/turn               (no ring)

@: resistant
A: retaliatory headbutt, horns 2
a: no special abilities


You were on level 3 of the Dungeon.
You were not hungry.

You visited 1 branch of the dungeon, and saw 3 of its levels.

You collected 205 gold pieces.

Inventory:

Hand Weapons
 a - a +0 war axe (weapon)
Armour
 c - a +0 shield (worn)
 l - a scarf of cloud immunity (worn)
 r - a +3 scale mail of magic resistance (worn)
Wands
 d - a wand of flame (17/48)
Scrolls
 e - 6 scrolls of identify {unknown}
 i - a scroll of fear {unknown}
 j - 4 scrolls of teleportation {unknown}
Potions
 k - a potion of mutation {unknown}
 n - a potion of cancellation {unknown}
 o - a potion of magic {unknown}
 p - a potion of lignification {unknown}
Comestibles
 b - 10 chunks of flesh
 f - 2 bread rations
 g - 4 meat rations
 h - 3 fruits


   Skills:
 - Level 3.6 Fighting
 + Level 7.2 Axes
 - Level 3.6 Armour
 - Level 3.6 Shields


You had 4 spell levels left.
You didn't know any spells.

Dungeon Overview and Level Annotations

Branches:
Dungeon (3/15)

Altars:
Makhleb


Innate Abilities, Weirdness & Mutations

You reflexively headbutt those who attack you in melee.
You have a pair of horns on your head.


Message History

You barely miss the orc wizard. You headbutt the orc wizard.
The orc wizard is lightly wounded.
You barely miss the orc.
The orc wizard hits you but does no damage.
You block the orc's attack.
You hit the orc wizard.
The orc wizard is heavily wounded.
You hit the orc. You block the orc wizard's attack. You block the orc's attack.
The orc wizard hits you but does no damage.
You miss the orc wizard. You headbutt the orc wizard!
You kill the orc wizard!
You slash the orc priest!
You kill the orc priest!
Your Axes skill increases to level 7!
You hit the orc.
You kill the orc!
You hit the orc.
The orc is severely wounded.
The orc hits you with a mace.
You die...

#................
##............%.
#####
##...........##
#...# #...(.......#
#...# ##).........#
#...# ##.........(.#
#...###...)#...###.#
#.....)o...<...# (..
#....†@)......##
#.## #....#######..#
.... #...## ....
.... #...# ....# #
#...# ..%.# # ###.#
.... # #)# #.#
######.# #.


You could see an orc.

Vanquished Creatures
  An orc priest (D:3)
  Ijyb (D:3)
  An orc wizard (D:3)
  3 adders
  4 gnolls
  A worm (D:2)
  3 dart slugs
  A leopard gecko (D:3)
  7 orcs (D:3)
  A giant cockroach (D:1)
  5 goblins
  9 hobgoblins
  2 jackals (D:2)
  6 kobolds
  6 bats
  3 frilled lizards
  3 rats (D:3)
57 creatures vanquished.

Notes
Turn   | Place    | Note
-------+----------+-------------------------------------------
     0 | D:1      | Inkary the Minotaur Fighter began the quest for the Orb.
     0 | D:1      | Reached XP level 1. HP: 19/19 MP: 0/0
   159 | D:1      | Reached skill level 3 in Axes
   195 | D:1      | Reached XP level 2. HP: 26/26 MP: 1/1
   314 | D:1      | Reached skill level 4 in Axes
   522 | D:1      | Reached XP level 3. HP: 31/31 MP: 2/2
  1060 | D:2      | Reached skill level 5 in Axes
  1135 | D:2      | Found a burning altar of Makhleb.
  1135 | D:2      | Noticed a blizzard demon
  1453 | D:2      | Reached XP level 4. HP: 39/39 MP: 3/3
  1605 | D:3      | Noticed Ijyb
  1615 | D:3      | Killed Ijyb
  1615 | D:3      | Reached skill level 6 in Axes
  1707 | D:3      | Reached XP level 5. HP: 27/45 MP: 4/4
  1895 | D:3      | Reached skill level 7 in Axes
  1896 | D:3      | Slain by an orc

Skill      XL: |  1  2  3  4  5 |
---------------+----------------+-----
Axes           | 3 4 5 6 7 |  7.2
Fighting       | |  3.6
Armour         | |  3.6
Shields        | |  3.6

Action                   |  1- 3 |  4- 6 || total
-------------------------+-------+-------++-------
Melee: War axe           |    66 |    66 ||   132
       Headbutt          |    12 |    10 ||    22
  Use: Potion            |       |     2 ||     2
  Eat: Chunk             |     1 |     2 ||     3
Armor: Scale mail        |    24 |    25 ||    49
Dodge: Dodged            |    19 |    16 ||    35
Block: Shield            |    28 |    39 ||    67
